Map: Crête de Lerilak

Players

MRPOOPYBUTT

  • Race: Terran Terran
  • League: Platinum

Worming - Winner!

  • Race: Zerg Zerg
  • League: Diamond

VOD

Have the link to the VOD?

Description

Time

  • Played on: Nov. 15, 2015, 9:19 a.m.
  • Length: 13:19
Show
View Real Time Build Order
Export as new Build Order

MRPOOPYBUTT Terran 

Build Orders: Reaper Expand, MMM Bio 

Get SALT Encoding   

  12  0:03  SCV  
  13  0:15  SCV  
  13  0:21  Supply Depot  
  14  0:28  SCV  
  15  0:44  Barracks  
  15  0:46  SCV  
  15  0:48  Refinery  
  16  0:58  SCV  
  17  1:10  SCV  
  19  1:34  Orbital Command  
  19  1:36  Reaper  
  19  1:52  Command Center  
  19  1:59  Supply Depot  
  19  2:01  SCV  
  20  2:09  Marine  
  20  2:13  SCV  
  22  2:23  Factory  
  22  2:26  Refinery  
  22  2:30  SCV  
  23  2:42  SCV  
  23  2:53  Barracks Reactor  
  23  2:55  SCV  
  24  3:05  Orbital Command  
  24  3:08  Hellion  
  24  3:12  Starport, SCV  
  27  3:24  SCV  
  28  3:34  SCV  
  29  3:37  Hellion x2  
  29  3:38  Barracks Reactor  
  33  3:42  SCV  
  31  4:01  Liberator  
  31  4:02  Liberator  
  27  4:04  Hellion x2  
  27  4:06  SCV x2  
  33  4:18  SCV  
  33  4:21  SCV  
  41  4:26  Supply Depot  
  41  4:30  SCV  
  42  4:33  Hellion x2  
  46  4:43  Supply Depot  
  46  4:47  SCV x2  
  46  4:48  Liberator x2  
  48  4:59  SCV x2  
  46  5:09  Widow Mine x2  
  46  5:11  SCV x2  
  52  5:15  Barracks Tech Lab  
  52  5:19  Supply Depot  
  52  5:23  Refinery  
  52  5:24  Refinery, SCV x2  
  54  5:36  SCV x2  
  54  5:37  Marauder  
  58  5:43  Liberator  
  55  5:56  SCV x2  
  57  6:03  Barracks  
  60  6:04  Widow Mine, Marauder  
  60  6:05  Stimpack  
  60  6:06  Barracks, Supply Depot  
  60  6:08  SCV  
  65  6:16  SCV  
  66  6:24  SCV  
  64  6:50  Liberator x2  
  64  6:56  SCV  
  64  7:00  Barracks Reactor  
  65  7:01  SCV  
  65  7:05  Supply Depot  
  65  7:06  Supply Depot  
  65  7:08  SCV  
  73  7:09  Marine x2  
  73  7:11  Marauder  
  73  7:13  Supply Depot  
  73  7:14  SCV  
  73  7:15  Supply Depot  
  78  7:17  Engineering Bay  
  78  7:18  Factory Tech Lab  
  78  7:20  Engineering Bay  
  78  7:27  SCV  
  78  7:28  Supply Depot  
  79  7:32  SCV  
  79  7:33  Supply Depot  
  77  7:48  SCV x2  
  79  7:56  Marauder, Marine x2  
  79  7:58  Marine x2  
  85  8:01  Terran Infantry Weapons Level 1, Terran Infantry Armor Level 1  
  85  8:06  SCV  
  85  8:08  Command Center x2  
  85  8:11  Medivac x2  
  93  8:13  SCV  
  93  8:16  Missile Turret  
  92  8:20  SCV  
  92  8:26  Marine x2, Marauder  
  92  8:27  Combat Shields  
  96  8:28  Marine x2  
  96  8:32  SCV  
  97  8:38  Sensor Tower  
  97  8:45  SCV  
  97  8:47  Medivac, Armory  
  96  9:02  Marauder  
  84  9:16  Marine x3  
  85  9:20  Barracks x2  
  85  9:24  Marauder  
  87  9:25  Marine  
  87  9:27  Starport  
  88  9:37  Marine x2  
  90  9:41  Refinery  
  90  9:43  Missile Turret  
  90  9:45  Missile Turret, Marauder  
  87  9:46  Refinery, Missile Turret  
  87  9:49  Missile Turret  
  87  9:51  Marine x2  
  84  9:55  Marine x2  
  85  10:02  Missile Turret, SCV  
  85  10:03  SCV  
  85  10:04  Missile Turret  
  85  10:06  Marauder  
  89  10:08  Barracks Tech Lab, Barracks Reactor  
  89  10:09  Terran Infantry Weapons Level 2  
  89  10:11  Terran Infantry Armor Level 2  
  89  10:26  SCV  
  89  10:27  SCV  
  89  10:28  Marauder  
  94  10:30  Marauder, Marine x2  
  98  10:39  Orbital Command  
  98  10:41  Missile Turret  
  97  10:45  Starport Reactor  
  97  10:49  Marauder  
  99  10:59  Missile Turret  
  99  11:00  Missile Turret  
  99  11:03  SCV  
  100  11:05  Marauder  
  100  11:06  Marine x3  
  100  11:11  Marauder  
  107  11:25  Missile Turret  
  107  11:27  Missile Turret, Marauder  
  107  11:30  Marine x3  
  107  11:31  Missile Turret, Marine x2  
  107  11:32  Marauder, Missile Turret, Marine  
  117  11:33  Viking  
  117  11:35  Medivac, Missile Turret  
  121  11:48  Marauder, Marine  
  121  11:53  Marauder  
  119  11:55  Marine x2  
  119  11:56  Liberator x2  
  121  12:03  Medivac  
  123  12:09  Siege Tank, Marine  
  123  12:10  Marine x2, Marauder  
  123  12:12  Marine  
  123  12:13  Marine  
  123  12:15  Marauder  
  139  12:30  Marine x3  
  139  12:31  Marauder  
  139  12:36  Marauder  
  134  12:42  Marine x2  
  129  12:49  Barracks  
  127  12:52  Barracks, Marauder  
  127  12:53  Barracks  
Show
View Real Time Build Order
Export as new Build Order

Worming Zerg - Winner!

Build Orders: Hatch First 

Get SALT Encoding   

  12  0:01  Drone  
  13  0:13  Overlord  
  13  0:17  Drone  
  14  0:32  Drone x2  
  16  0:36  Drone  
  17  0:55  Drone  
  17  0:56  Hatchery  
  17  0:59  Extractor  
  17  1:02  Drone  
  17  1:15  Spawning Pool  
  17  1:18  Drone  
  17  1:24  Drone  
  18  1:36  Drone  
  19  1:48  Overlord  
  19  2:03  Queen  
  19  2:04  Zergling x2  
  19  2:06  Metabolic Boost  
  22  2:11  Drone  
  22  2:13  Drone x2  
  25  2:36  Hatchery  
  24  2:41  Queen  
  24  2:42  Queen  
  27  2:45  Drone x2  
  27  2:49  Drone  
  29  2:57  Overlord  
  29  2:58  Zergling x2  
  30  3:00  Drone  
  30  3:01  Drone  
  32  3:15  Drone x5  
  37  3:23  Zergling x2  
  38  3:31  Drone x2  
  40  3:39  Drone  
  40  3:41  Drone  
  42  4:02  Drone x7, Roach Warren  
  46  4:06  Spine Crawler  
  45  4:10  Extractor  
  45  4:11  Queen  
  45  4:13  Zergling x8  
  45  4:14  Overlord x2  
  50  4:26  Extractor  
  50  4:28  Drone  
  50  4:32  Drone  
  50  4:33  Drone x2  
  53  4:40  Overlord  
  53  4:41  Roach  
  53  4:42  Roach x3  
  59  4:57  Roach x3  
  59  4:58  Roach  
  63  5:12  Drone x8  
  71  5:16  Lair  
  71  5:17  Evolution Chamber  
  71  5:18  Evolution Chamber  
  69  5:22  Drone  
  69  5:23  Overlord  
  69  5:25  Overlord  
  69  5:43  Spore Crawler  
  69  5:44  Spore Crawler  
  69  5:46  Spore Crawler x2  
  63  6:00  Spore Crawler, Drone x5  
  63  6:01  Spore Crawler  
  66  6:09  Drone  
  67  6:14  Glial Reconstitution  
  67  6:16  Zerg Missile Weapons Level 1, Zerg Ground Armor Level 1  
  67  6:17  Drone x2  
  67  6:18  Drone  
  70  6:42  Spore Crawler  
  69  7:00  Drone x3  
  69  7:01  Drone  
  73  7:02  Hydralisk Den  
  73  7:03  Drone x3, Extractor  
  73  7:04  Drone x5, Infestation Pit  
  73  7:06  Spire  
  77  7:09  Extractor x2  
  77  7:13  Roach x5  
  86  7:15  Drone x2  
  86  7:16  Drone  
  86  7:17  Overlord  
  86  7:19  Overlord  
  88  7:30  Overlord  
  88  7:31  Overlord x2  
  88  7:45  Hive  
  88  7:52  Queen  
  88  7:58  Drone x3  
  93  7:59  Drone x4  
  93  8:00  Evolution Chamber, Drone x3, Overlord x3  
  93  8:01  Overlord  
  93  8:02  Overseer  
  93  8:04  Pneumatized Carapace  
  99  8:16  Zergling x2  
  99  8:25  Zerg Flyer Weapons Level 1  
  99  8:29  Zerg Missile Weapons Level 2, Zerg Melee Weapons Level 1, Zerg Ground Armor Level 2  
  99  8:39  Tunneling Claws  
  99  8:43  Roach  
  99  8:45  Corruptor  
  99  8:46  Zergling x16  
  99  8:47  Zergling x8  
  115  8:50  Queen x2  
  119  9:01  Corruptor x2  
  119  9:02  Zergling x4  
  121  9:03  Zergling x4  
  113  9:11  Corruptor  
  113  9:12  Corruptor  
  108  9:25  Queen, Hatchery  
  110  9:38  Zergling x2  
  110  9:39  Ultralisk Cavern, Zergling x14  
  113  9:49  Corruptor x4  
  121  10:10  Pathogen Glands  
  121  10:14  Adrenal Glands  
  119  10:15  Zergling x20  
  119  10:16  Zergling x8  
  133  10:23  Extractor, Spine Crawler  
  133  10:25  Extractor, Spine Crawler  
  129  10:39  Chitinous Plating  
  127  10:45  Drone  
  127  10:46  Drone x3  
  127  10:47  Drone x2  
  127  10:48  Drone x5  
  138  10:56  Burrow  
  138  10:57  Zerg Melee Weapons Level 2  
  138  11:23  Hatchery  
  137  11:41  Zergling x2  
  142  11:54  Zergling x2, Ultralisk x3  
  142  11:55  Zergling x8  
  159  12:09  Overlord x2  
  159  12:10  Overlord  
  142  12:37  Hatchery  
  142  12:44  Extractor  
  138  12:54  Roach, Hydralisk x3  
  138  12:55  Roach x2  
Tags
 
Add a new tag
Caveats
  • Supply blocks, unpowered buildings, or Contaminate may cause inaccurate times.
  • Supply counts are checked every 10 seconds.